 Dungeon Crawl Stone Soup version 0.18.1-6-gd335043 (webtiles) character file.

6705 oplop the Covert (level 10, -3/77 HPs)
             Began as a Vampire Enchanter on May 17, 2016.
             Was a Believer of Ashenzari.
             Slain by a troll (15 damage)
             ... on level 13 of the Dungeon.
             The game lasted 00:33:55 (9712 turns).

oplop the Covert (Vampire Enchanter)                Turns: 9712, Time: 00:33:56

Health: -3/77      AC:  0    Str:  7    XL:     10   Next: 74%
Magic:  16/18      EV: 31    Int: 17    God:    Ashenzari [**....]
Gold:   675        SH:  2    Dex: 24    Spells: 5 memorised, 8 levels left

rFire  . . .     SeeInvis +     (weapon currently unavailable)
rCold  + + .     Gourm    .     (armour currently unavailable)
rNeg   + + +     Faith    .     (shield currently unavailable)
rPois  ∞         Spirit   .     (helmet currently unavailable)
rElec  .         Dismiss  .     (cloak currently unavailable)
rCorr  .         Reflect  +     (gloves currently unavailable)
SustAt .         Harm     .     (boots currently unavailable)
MR     +....                    L - +2 amulet of reflection (curse)
Stlth  +++++++...               (ring currently unavailable)
                                (ring currently unavailable)

@: bat-form, flying, bloodless, non-regenerating, very quick, somewhat resistant
to hostile enchantments, extremely stealthy
A: fangs 3, see invisible, (unbreathing)
a: End Transformation, Curse Item, Scrying, Renounce Religion


You were on level 13 of the Dungeon.
You worshipped Ashenzari.
Ashenzari was pleased with you.
You were bloodless.
You were in vampire-bat-form.
You visited 1 branch of the dungeon, and saw 13 of its levels.

You collected 675 gold pieces.

Inventory:

Hand Weapons
 a - a +1 dagger
 n - a +0 blowgun
 w - a +1 dagger of distortion
 M - a +1 dagger of venom (melded)
Missiles
 o - 46 poisoned needles
 J - 4 tomahawks of dispersal (quivered)
Armour
 b - a +1 robe (melded)
 e - a +1 cloak (melded)
 m - a +0 pair of boots (melded)
 u - a +0 pair of gloves (melded)
Jewellery
 j - an uncursed amulet of faith
 L - a cursed +2 amulet of reflection (around neck)
Wands
 v - a wand of paralysis (3/24)
 y - a wand of digging (10/24)
 E - a wand of slowing (21/48)
 K - a wand of polymorph (5/24)
 N - a wand of slowing (38/48)
 P - a wand of enslavement (13/24)
 Q - a wand of confusion (9/48)
Scrolls
 g - 8 scrolls of identify
 i - a scroll of magic mapping
 k - 2 scrolls of recharging {unknown}
 l - 4 scrolls of blinking
 p - a scroll of silence {unknown}
 q - 2 scrolls of random uselessness {unknown}
 r - 5 scrolls of teleportation {unknown}
 C - 2 scrolls of enchant weapon {unknown}
 D - a scroll of amnesia {unknown}
 H - 2 scrolls of enchant armour {unknown}
Potions
 d - 14 potions of blood
 f - 2 potions of ambrosia
 h - 2 potions of invisibility {unknown}
 s - a potion of lignification
 t - a potion of resistance
 x - 2 potions of might
 z - 3 potions of agility {unknown}
 F - a potion of curing
 G - a potion of cure mutation {unknown}
 O - a potion of cancellation {unknown}
 R - a potion of berserk rage {unknown}
Books
 c - a book of Maledictions

   Spells                             Type                      Level
   a - Corona                         Hexes                        1
   b - Ensorcelled Hibernation        Hexes/Ice                    2
   c - Confuse                        Hexes                        3
   d - Tukima's Dance                 Hexes                        3
   e - Dazzling Spray                 Conjuration/Hexes            3
 A - a book of Misfortune

   Spells                             Type                      Level
   a - Confusing Touch                Hexes                        2
   b - Confuse                        Hexes                        3
   c - Gell's Gravitas                Hexes/Translocation          3
   d - Petrify                        Transmutation/Earth          4
   e - Metabolic Englaciation         Hexes/Ice                    5
   f - Yara's Violent Unravelling     Hexes/Transmutation          5
 I - a Fen Folio

   Spells                             Type                      Level
   a - Corpse Rot                     Necromancy                   2
   b - Stone Arrow                    Conjuration/Earth            3
   c - Leda's Liquefaction            Hexes/Earth                  4
   d - Summon Forest                  Summoning/Translocation      5
   e - Hydra Form                     Transmutation                6
   f - Summon Hydra                   Summoning                    7


   Skills:
 + Level 6.6 Fighting
 + Level 8.1 Short Blades
 + Level 8.4 Dodging
 + Level 11.4 Stealth
 - Level 5.8 Spellcasting
 + Level 8.5 Hexes


You had 8 spell levels left.
You knew the following spells:

 Your Spells              Type           Power        Failure   Level  Hunger
a - Corona                Hex            ####...      1%          1    None
b - Ensorcelled Hibernat  Hex/Ice        ###...       3%          2    #......
c - Confuse               Hex            ####....     1%          3    ##.....
d - Tukima's Dance        Hex            ####....     1%          3    ##.....
e - Dazzling Spray        Conj/Hex       ###.....     10%         3    ##.....


Dungeon Overview and Level Annotations

Branches:
Dungeon (13/15)            Temple (0/1) D:6            Lair (0/8) D:10
    Orc (0/2) D:9
 Vaults: D:13-14

Altars:
Ashenzari
Dithmenos
Fedhas
Kikubaaqudgha
Pakellas
Trog
Vehumet
Zin

Shops:
D:11 =

Annotations:
D:4 exclusion: statue
D:11 Mefis's ghost, journeyman DEWz


Innate Abilities, Weirdness & Mutations

You do not heal naturally.
You are immune to poison.
You have razor-sharp teeth.
You have supernaturally acute eyesight.
((You can survive without breathing.))


Message History

Found an escape hatch in the ceiling.
Found an uncursed hunting sling.
An ugly thing and a troll come into view.
Found a ruby potion.
You see here an uncursed hunting sling.
Found a glass wand.
The red ugly thing gurgles horribly!
The troll shouts!
You hear a shout! x4
The red ugly thing stings you.
You are engulfed in flames!!
* * * LOW HITPOINT WARNING * * *
An orc wizard comes into view. It is wielding a dagger of draining.
You see here a glass wand.
You turn into a vampire bat.
Your +1 dagger of venom melds into your body.
Your +1 cloak melds into your body.
Your +0 pair of gloves melds into your body.
Your +0 pair of boots melds into your body.
Your +1 robe melds into your body.
Your +1 dagger of venom stops dripping with poison.
The troll barely misses you. x2; The troll claws you!
You die...

#.# * #.# ,
* #.# , ,,
#.# ,, ,
#.#**,# *
#!###.### ,
#..o..... ,
######..# .#
*
#...bTu.#..#
#.####....#*
*
#<...).#...#
#..###....##
* #.<#
##.#.# , ,
#..# ..#.#*
#..# *.####,
* #..#####.
* ,
#.>...#*#


You could see a red ugly thing, a troll and an orc wizard.

Vanquished Creatures
  A hill giant (D:10)
  An ugly thing (D:7)
  A kobold demonologist (D:12)
  2 two-headed ogres
  A hog (D:7)
  A yak (D:8)
  A hungry ghost (D:12)
  A wyvern (D:12)
  3 hippogriffs
  A human (D:7)
  3 wargs (D:10)
  A water moccasin (D:10)
  3 orc warriors
  3 sky beasts
  2 ice beasts
  A black bear (D:9)
  2 phantoms
  3 ogres
  2 centaurs
  A necrophage (D:9)
  Blork the orc (D:4)
  3 big kobolds
  7 giant frogs
  A water moccasin zombie (D:11)
  2 scorpions (D:10)
  4 howler monkeys (D:12)
  2 crimson imps
  A quasit (D:10)
  A centaur skeleton (D:4)
  2 jellies
  2 orc priests
  2 hounds
  9 orc wizards
  3 iguanas
  8 worker ants
  A killer bee zombie (D:5)
  3 sheep (D:7)
  A hound skeleton (D:6)
  A hound zombie (D:6)
  A killer bee simulacrum (D:8)
  A worker ant zombie (D:9)
  3 gnolls (D:6)
  13 adders
  2 shadow imps
  An ooze (D:5)
  An adder zombie (D:9)
  An adder skeleton (D:8)
  3 worms
  A dart slug (D:1)
  4 giant geckos
  34 orcs
  3 ball pythons
  10 bats
  3 giant cockroaches
  5 goblins
  7 hobgoblins
  9 jackals
  15 kobolds
  3 quokkas
  4 giant newts
  A quokka zombie (D:7)
  8 rats
221 creatures vanquished.

Vanquished Creatures (collateral kills)
  An ogre (D:10)
  An orc priest (D:7)
  4 orcs
  A quokka (D:9)
  A kobold (D:8)
8 creatures vanquished.

Vanquished Creatures (others)
  A hill giant (D:12)
  An ugly thing (D:12)
  A dancing weapon (D:7)
  A kobold (D:12)
  A plant (D:10)
5 creatures vanquished.

Grand Total: 234 creatures vanquished

Notes
Turn   | Place    | Note
--------------------------------------------------------------
     0 | D:1      | oplop the Vampire Enchanter began the quest for the Orb.
     0 | D:1      | Reached XP level 1. HP: 13/13 MP: 3/3
    95 | D:1      | Reached XP level 2. HP: 11/19 MP: 3/5
   106 | D:1      | Learned a level 2 spell: Ensorcelled Hibernation
   134 | D:1      | Reached skill level 5 in Hexes
   924 | D:2      | Reached XP level 3. HP: 24/24 MP: 6/6
  1099 | D:2      | Reached skill level 5 in Stealth
  1185 | D:3      | Learned a level 3 spell: Confuse
  1809 | D:3      | Reached XP level 4. HP: 30/30 MP: 7/7
  2114 | D:3      | Reached skill level 6 in Stealth
  2337 | D:4      | Noticed Blork the orc
  2356 | D:4      | Killed Blork the orc
  2356 | D:4      | Reached XP level 5. HP: 35/35 MP: 2/9
  2402 | D:4      | Noticed a phantom
  2509 | D:4      | Reached skill level 7 in Stealth
  2598 | D:4      | Reached XP level 6. HP: 23/41 MP: 0/10
  3082 | D:5      | Entered Level 5 of the Dungeon
  3142 | D:4      | Found a radiant altar of Vehumet.
  3168 | D:4      | HP: 1/41 [gnoll/halberd (17)]
  3349 | D:5      | Found a shattered altar of Ashenzari.
  3466 | D:5      | Became a worshipper of Ashenzari the Shackled
  3529 | D:5      | Found an ancient bone altar of Kikubaaqudgha.
  3549 | D:5      | Reached skill level 8 in Stealth
  3583 | D:5      | Reached XP level 7. HP: 47/47 MP: 9/12
  3868 | D:5      | Reached skill level 1 in Fighting
  3927 | D:6      | Found a shadowy altar of Dithmenos.
  3937 | D:6      | Found a shattered altar of Ashenzari.
  4130 | D:6      | Found a staircase to the Ecumenical Temple.
  4253 | D:6      | Found a blossoming altar of Fedhas.
  4401 | D:6      | Found a glowing silver altar of Zin.
  4522 | D:6      | Learned a level 3 spell: Tukima's Dance
  4526 | D:6      | Learned a level 3 spell: Dazzling Spray
  4694 | D:7      | Reached * piety under Ashenzari
  4736 | D:7      | Reached XP level 8. HP: 45/57 MP: 11/14
  4741 | D:7      | Noticed a purple ugly thing
  4763 | D:7      | Killed a purple ugly thing
  4763 | D:7      | Reached skill level 5 in Dodging
  5020 | D:7      | namelastname112: тык тык ножичком
  5022 | D:7      | oplop: угу
  5279 | D:7      | oplop: ммм
  5279 | D:7      | oplop: а на безкровного вампа реген действует?
  5460 | D:7      | Reached skill level 5 in Short Blades
  5460 | D:7      | Reached skill level 9 in Stealth
  5463 | D:7      | namelastname112: ноуп
  5463 | D:7      | namelastname112: только реген от трога
  5463 | D:7      | Reached XP level 9. HP: 65/65 MP: 7/16
  5644 | D:7      | oplop: нуихуйсним.жпг
  6027 | D:8      | Reached skill level 5 in Spellcasting
  6631 | D:9      | Found a staircase to the Orcish Mines.
  6678 | D:9      | Reached skill level 5 in Fighting
  6893 | D:9      | Found a bloodstained altar of Trog.
  7006 | D:9      | Found an oddly glowing altar of Pakellas.
  7059 | D:9      | Reached skill level 10 in Stealth
  7244 | D:10     | Entered Level 10 of the Dungeon
  7328 | D:10     | Reached ** piety under Ashenzari
  7345 | D:10     | Noticed a hill giant
  7352 | D:10     | Killed a hill giant
  7352 | D:10     | Reached XP level 10. HP: 76/76 MP: 18/18
  7379 | D:10     | oplop: я вот думаю
  7379 | D:10     | oplop: кто будет меньше страдать
  7379 | D:10     | oplop: FeEn или FeBe
  7510 | D:10     | Found a staircase to the Lair.
  8176 | D:10     | namelastname112: фебе
  8228 | D:11     | namelastname112: гарантирую
  8284 | D:11     | Noticed Mefis's ghost (journeyman DEWz)
  8284 | D:11     | oplop: просто зеркать по кд?
  8542 | D:11     | Found Tirphes's Jewellery Emporium.
  8648 | D:11     | Reached skill level 11 in Stealth
  8884 | D:12     | Noticed a hill giant
  8916 | D:12     | Noticed a green ugly thing
  8926 | D:12     | namelastname112: по сути да
  8989 | D:12     | namelastname112: фебе будет страдать в зоте
  8989 | D:12     | namelastname112: но к зоту можно кинуть бога
  8989 | D:12     | oplop: но я хочу чеикотика
  8989 | D:12     | namelastname112: чеи на коте - не оч идея
  8989 | D:12     | oplop: чеинэкостатуя!
  9004 | D:12     | namelastname112: бля
  9020 | D:12     | oplop: шо
  9020 | D:12     | namelastname112: мне ща к диспейтеру идти
  9085 | D:12     | Killed a green ugly thing
  9088 | D:12     | Killed a hill giant
  9600 | D:13     | oplop: а мыш пожет когонить закусать? лол
  9652 | D:13     | namelastname112: лол
  9656 | D:13     | namelastname112: какая мышь
  9697 | D:13     | oplop: летучая, еба
  9706 | D:13     | Noticed a red ugly thing
  9710 | D:13     | namelastname112: ну
  9712 | D:13     | Slain by a troll

Skill      XL: |  1  2  3  4  5  6  7  8  9 10 |
---------------+-------------------------------+-----
Hexes          | 5 6 7 8 |  8.5
Stealth        | 5 6 7 8 9 10 11 | 11.4
Spellcasting   | 3 4 5 |  5.8
Dodging        | 3 4 6 7 8 |  8.4
Short Blades   | 3 5 7 8 |  8.1
Fighting       | 2 3 5 6 |  6.6

Action                   |  1- 3 |  4- 6 |  7- 9 | 10-12 || total
-------------------------+-------+-------+-------+-------++-------
Melee: Dagger            |   126 |   131 |   296 |   209 ||   762
       Bite              |    13 |     8 |    27 |    19 ||    67
 Fire: Blowgun           |       |       |    14 |       ||    14
 Cast: Corona            |    13 |     1 |     1 |       ||    15
       Ensorcelled Hiber |    13 |    38 |    48 |    40 ||   139
       Confuse           |       |     9 |    30 |    22 ||    61
       Tukima's Dance    |       |       |    10 |     6 ||    16
       Dazzling Spray    |       |       |       |     5 ||     5
 Abil: Bat Form          |       |     1 |       |     6 ||     7
       End Transformatio |       |     1 |       |     5 ||     6
Evoke: Wand              |       |       |       |     7 ||     7
  Use: Potion            |       |    11 |       |       ||    11
       Scroll            |       |     6 |       |     1 ||     7
 Stab: Sleeping          |    19 |    28 |    56 |    28 ||   131
       Confused          |       |     1 |    15 |     6 ||    22
       Distracted        |       |       |     2 |       ||     2
       Paralysed         |       |       |       |     1 ||     1
  Eat: Corpse            |     5 |       |       |       ||     5
Armor: Robe              |    41 |    39 |    45 |    42 ||   167
Dodge: Dodged            |    92 |    96 |   233 |   170 ||   591
